 Dungeon Crawl Stone Soup version 0.28.0-53-g5a82cb258f (webtiles) character file.

Game seed: 3801095600427769276

16424 Erymatos the Protected (level 12, -18/118 HPs)
             Began as a Minotaur Berserker on June 8, 2022.
             Was an Elder of Trog.
             Demolished by a skeletal warrior
             ... wielding a +1 falchion of flaming
             ... led by a death knight
              (20 damage)
             ... on level 12 of the Dungeon.
             The game lasted 00:19:26 (14888 turns).

Erymatos the Protected (Minotaur Berserker)        Turns: 14888, Time: 00:19:27

Health: -18/118    AC: 24    Str: 23    XL:     12   Next: 9%
Magic:  11/11      EV: 16    Int:  4    God:    Trog [****..]
Gold:   397        SH:  0    Dex: 14    Spells: 11/11 levels left

rFire   . . .      SeeInvis .   u - +3 flail (protect)
rCold   . . .      Faith    .   (no shield)
rNeg    . . .      Spirit   .   a - +0 chain mail
rPois   +          Reflect  .   (helmet restricted)
rElec   .          Harm     .   r - +0 cloak {Will+}
rCorr   .          Rampage  .   (no gloves)
Will    +....                   H - +1 pair of boots
Stlth   ..........              (no amulet)
HPRegen 0.29/turn               R - ring of poison resistance
MPRegen 0.12/turn               J - +4 ring of evasion

@: under a protective aura, on berserk cooldown, slowed, very slow
A: horns 2, retaliatory headbutt
a: Renounce Religion, Berserk, Trog's Hand, Brothers in Arms


You were on level 12 of the Dungeon.
You worshipped Trog.
Trog was greatly pleased with you.
You visited 1 branch of the dungeon, and saw 14 of its levels.

You collected 788 gold pieces.
You spent 391 gold pieces at shops.

Inventory:

Hand Weapons
 u - a +3 flail of protection (weapon)
 y - a +3 hand axe of electrocution
 O - a +4 war axe
Armour
 a - a +0 chain mail (worn)
 h - a +0 scale mail
 r - a +0 cloak of willpower (worn)
 H - a +1 pair of boots (worn)
 S - +0 acid dragon scales
Jewellery
 n - a ring of protection from fire
 A - a ring of fire
 G - a ring of flight
 J - a +4 ring of evasion (right hand)
 R - a ring of poison resistance (left hand)
Wands
 b - a wand of iceblast (12)
 F - a wand of paralysis (3)
 Q - a wand of flame (4)
Scrolls
 c - 5 scrolls of fog
 d - 6 scrolls of teleportation {unknown}
 e - 3 scrolls of vulnerability {unknown}
 f - 2 scrolls of brand weapon {unknown}
 j - 5 scrolls of amnesia
 l - 3 scrolls of immolation
 o - 5 scrolls of blinking {unknown}
 p - 4 scrolls of identify
 s - 2 scrolls of magic mapping {unknown}
 w - 2 scrolls of enchant weapon
 B - a scroll of holy word {unknown}
 C - 3 scrolls of fear {unknown}
 E - a scroll of acquirement {unknown}
 P - 2 scrolls of enchant armour {unknown}
Potions
 g - 2 potions of flight {unknown}
 i - 9 potions of curing {unknown}
 k - a potion of brilliance
 m - 3 potions of magic {unknown}
 q - 4 potions of haste {unknown}
 t - 4 potions of heal wounds {unknown}
 v - a potion of attraction {unknown}
 x - 4 potions of mutation {unknown}
 z - 4 potions of degeneration {unknown}
 D - 3 potions of cancellation {unknown}
 I - 2 potions of might {unknown}
 K - a potion of ambrosia {unknown}
 L - a potion of resistance
 M - a potion of invisibility {unknown}
 N - a potion of lignification {unknown}


   Skills:
 + Level 14.4 Fighting
 + Level 8.6 Axes
 + Level 14.7 Armour
 + Level 9.1 Dodging


You had 11 spell levels left.
You didn't know any spells.
Your spell library was empty.

Dungeon Overview and Level Annotations

Branches:
Dungeon (14/15)            Temple (0/1) D:6             Orc (0/2) D:11
   Lair: D:8-11      Vaults: D:13-14

Altars:
Elyvilon
Hepliaklqana
Kikubaaqudgha
Makhleb
Nemelex Xobeh
Sif Muna
Uskayaw
Zin
The Shining One

Shops:
D:1 =([[(   D:10 *   D:11 *


Innate Abilities, Weirdness & Mutations

You have a pair of horns on your head.
You reflexively headbutt those who attack you in melee.


Message History

* * * LOW HITPOINT WARNING * * *
You hit the skeletal warrior but do no damage.
The skeletal warrior is heavily damaged.
The skeletal warrior barely misses you. You furiously retaliate!
You headbutt the skeletal warrior, but do no damage.
Unknown command.
You barely miss the skeletal warrior.
The skeletal warrior is heavily damaged.
The skeletal warrior hits you but does no damage. x2
You hit the skeletal warrior.
You headbutt the skeletal warrior, but do no damage.
The skeletal warrior is heavily damaged.
The skeletal warrior hits you with a +1 falchion of flaming!
* * * LOW HITPOINT WARNING * * *
The skeletal warrior burns you.
* * * LOW HITPOINT WARNING * * *
The skeletal warrior hits you with a +1 falchion of flaming!
* * * LOW HITPOINT WARNING * * *
The skeletal warrior burns you.
* * * LOW HITPOINT WARNING * * *
You hit the skeletal warrior but do no damage.
Your headbutt misses the skeletal warrior.
The skeletal warrior is heavily damaged.
Your skin stops crawling.
You feel less strong-willed.
The skeletal warrior hits you with a +1 falchion of flaming.
* * * LOW HITPOINT WARNING * * *
The skeletal warrior burns you.
* * * LOW HITPOINT WARNING * * *
You hit the skeletal warrior.
You headbutt the skeletal warrior, but do no damage.
The skeletal warrior is heavily damaged.
The skeletal warrior hits you but does no damage.
The skeletal warrior hits you with a +1 falchion of flaming.
* * * LOW HITPOINT WARNING * * *
The skeletal warrior burns you.
* * * LOW HITPOINT WARNING * * *
You barely miss the skeletal warrior.
The skeletal warrior is heavily damaged.
The skeletal warrior hits you with a +1 falchion of flaming!!
You die...

#.......#.....######........
##......#.....#.........###.
#......#.....#.............
#......'.....#.............###
#......#.....#.............#..
#..#...#.....#........####.#..
#..#[..#.....#.......... #..
#......#######z.......... #..
######†#........@##'#############
.......#.........#...........#...
.......#.........#...........#...
.......#.........#...........#^##
..##...'.........######......#.##
..###############.....#...##.#...
............... #.....#...##.####
............... #.##..#....#.....
............... #.##..#....#.....


You could see a skeletal warrior.

Vanquished Creatures
  Frances (D:13)
  A centaur warrior (D:13)
  A death knight (D:12)
  4 two-headed ogres
  A tengu warrior (D:9)
  A deep elf pyromancer (D:12)
  An ugly thing (D:12)
  2 cyclopes
  An unseen horror (D:13)
  Maggie (D:9)
  A freezing wraith (D:12)
  A komodo dragon (D:12)
  A troll (D:12)
  A slime creature (D:9)
  2 wyverns
  A vampire (D:13)
  2 shadows
  A yak (D:9)
  Eustachio (D:5)
  Grum (D:9)
  4 wraiths
  A steam dragon (D:9)
  4 vampire mosquitoes (D:12)
  Menkaure (D:4)
  Edmund (D:5)
  3 acid dragons
  4 water moccasins
  2 black bears
  Duvessa (D:5)
  7 orc warriors
  2 ice beasts
  A sky beast (D:6)
  A necrophage (D:5)
  An ogre (D:7)
  3 wolves (D:9)
  4 centaurs
  A phantom (D:6)
  A kobold brigand (D:6)
  2 scorpions (D:5)
  5 bullfrogs
  A wyvern zombie (D:8)
  Dowan (D:5)
  5 killer bees (D:10)
  9 wights
  A howler monkey (D:10)
  A bullfrog zombie (D:6)
  3 centaur zombies
  A gnoll shaman (D:6)
  A jelly (D:5)
  8 orc priests
  Crazy Yiuf (D:4)
  7 hounds
  2 iguanas
  Terence (D:2)
  12 orc wizards
  2 killer bee zombies
  A hound skeleton (D:4)
  4 adders
  9 gnolls
  2 worms
  2 adder skeletons (D:4)
  2 dart slugs (D:1)
  64 orcs
  9 endoplasms
  5 giant cockroaches
  6 goblins
  11 hobgoblins
  2 jackals (D:3)
  12 kobolds
  9 ball pythons
  8 bats
  3 frilled lizards
  7 rats
287 creatures vanquished.

Vanquished Creatures (others)
  35 plants (D:6)
35 creatures vanquished.

Grand Total: 322 creatures vanquished

Notes
Turn   | Place    | Note
-------+----------+-------------------------------------------
     0 | D:1      | Erymatos the Minotaur Berserker began the quest for the
                  | Orb.
     0 | D:1      | Reached XP level 1. HP: 19/19 MP: 0/0
    43 | D:1      | Found Gukauwa's Antique Weapon Shop.
    85 | D:1      | Reached XP level 2. HP: 15/27 MP: 1/1
   251 | D:1      | Found Doroxit's Jewellery Emporium.
   708 | D:1      | Found Foptakh's Weapon Shoppe.
   977 | D:1      | Found Cieskoaff's Antique Armour Boutique.
  1011 | D:1      | Found Muap's Armour Emporium.
  1162 | D:1      | Reached ** piety under Trog
  1163 | D:1      | Reached XP level 3. HP: 33/33 MP: 2/2
  1176 | D:2      | Found a faded altar of an unknown god.
  1461 | D:2      | Noticed Terence
  1475 | D:2      | Killed Terence
  1476 | D:2      | Reached XP level 4. HP: 18/40 MP: 3/3
  2313 | D:3      | Found a white marble altar of Elyvilon.
  2560 | D:3      | Reached skill level 5 in Axes
  2803 | D:3      | Reached XP level 5. HP: 38/47 MP: 4/4
  3358 | D:4      | Noticed Menkaure
  3363 | D:4      | Killed Menkaure
  3364 | D:4      | Reached XP level 6. HP: 14/53 MP: 5/5
  3810 | D:4      | Reached *** piety under Trog
  3811 | D:4      | Reached skill level 5 in Armour
  3877 | D:4      | Found a glowing silver altar of Zin.
  3882 | D:4      | Found a transporter.
  3895 | D:4      | Found a transporter.
  4058 | D:4      | Found a runed translucent door.
  4059 | D:4      | Noticed Crazy Yiuf
  4247 | D:4      | Killed Crazy Yiuf
  4288 | D:5      | Entered Level 5 of the Dungeon
  4312 | D:5      | Reached skill level 5 in Fighting
  4328 | D:5      | Noticed a water moccasin
  4334 | D:5      | Killed a water moccasin
  4335 | D:5      | Reached XP level 7. HP: 61/61 MP: 6/6
  4414 | D:5      | Found a hide-covered altar of Uskayaw.
  4414 | D:5      | Noticed Edmund
  4417 | D:5      | Found a shimmering blue altar of Sif Muna.
  4428 | D:5      | Killed Edmund
  4881 | D:5      | Noticed Eustachio
  4891 | D:5      | Killed Eustachio
  4892 | D:5      | Reached XP level 8. HP: 70/70 MP: 7/7
  4963 | D:5      | Noticed Duvessa
  4964 | D:5      | Noticed Dowan
  4973 | D:5      | Killed Duvessa
  4989 | D:5      | Killed Dowan
  5885 | D:6      | Found a staircase to the Ecumenical Temple.
  6261 | D:6      | Found a sparkling altar of Nemelex Xobeh.
  6598 | D:6      | Reached skill level 5 in Dodging
  6598 | D:6      | Reached XP level 9. HP: 79/79 MP: 8/8
  7158 | D:6      | Reached **** piety under Trog
  7420 | D:7      | Reached skill level 10 in Armour
  7739 | D:7      | Found an ancient bone altar of Kikubaaqudgha.
  7826 | D:7      | Found a burning altar of Makhleb.
  8021 | D:1      | Bought a +4 ring of evasion for 360 gold pieces
  8877 | D:9      | Noticed Maggie
  8887 | D:9      | Reached XP level 10. HP: 91/91 MP: 9/9
  8887 | D:9      | Killed Maggie
  8933 | D:9      | Noticed a two-headed ogre
  8941 | D:9      | Killed a two-headed ogre
  9250 | D:9      | Reached skill level 10 in Fighting
  9369 | D:9      | Noticed a tengu warrior
  9381 | D:9      | Killed a tengu warrior
  9439 | D:9      | Noticed Grum
  9462 | D:9      | Killed Grum
  9800 | D:9      | Noticed a two-headed ogre
  9812 | D:9      | Killed a two-headed ogre
 10191 | D:9      | Noticed a two-headed ogre
 10198 | D:9      | Killed a two-headed ogre
 10199 | D:9      | Reached XP level 11. HP: 104/104 MP: 10/10
 10732 | D:10     | Entered Level 10 of the Dungeon
 10732 | D:10     | Found Inucyk's Assorted Antiques.
 10744 | D:10     | Bought a scroll labelled MOCITR ONYLL for 31 gold pieces
 10800 | D:10     | Noticed a two-headed ogre
 10810 | D:10     | Killed a two-headed ogre
 11055 | D:10     | Found a glowing golden altar of the Shining One.
 11055 | D:10     | Found a hazy altar of Hepliaklqana.
 11712 | D:11     | Found Kosenat's Assorted Antiques.
 12212 | D:11     | Found a staircase to the Orcish Mines.
 12398 | D:11     | You fall into a shaft and drop 1 floor!
 12398 | D:12     | Noticed a deep elf pyromancer
 12406 | D:12     | Killed a deep elf pyromancer
 12428 | D:12     | Noticed a red ugly thing
 12440 | D:12     | Killed a red ugly thing
 12667 | D:12     | Noticed a death knight
 12668 | D:12     | Noticed a skeletal warrior
 13017 | D:13     | Noticed a centaur warrior
 13025 | D:13     | Killed a centaur warrior
 13121 | D:13     | Noticed Frances
 13131 | D:13     | Killed Frances
 14721 | D:12     | Reached XP level 12. HP: 101/117 MP: 11/11
 14869 | D:12     | Killed a death knight
 14886 | D:12     | HP: 5/118 [skeletal warrior/+1 falchion of flaming[a death
                  | knight] (4)]
 14887 | D:12     | HP: 2/118 [skeletal warrior/+1 falchion of flaming[a death
                  | knight] (1)]
 14888 | D:12     | Demolished by a skeletal warrior

Illustrated notes

Levels and vault maps discovered:
D:1:      minmay_arrival_shoal_huts, layout_basic, serial_shops, shop, shop,
          nicolae_shop_advertising_works [nicolae_subvault_shop_adworks],
          nicolae_shop_bloodbath_and_beyond, nicolae_shop_hallway_stairs
D:2:      layout_loops_ring, ebering_ecumenical_altar_webs, uniq_terence
D:3:      layout_rooms, mainiacjoe_overflow_surrounded_room,
          serial_bayou_lagoon_b
D:4:      layout_loops_cross, gammafunk_temple_overflow_arena, enter_ossuary_1,
          uniq_crazy_yiuf_cottage, uniq_menkaure
D:5:      layout_basic, grunt_temple_overflow_open, uniq_duvessa,
          uniq_eustachio, uniq_edmund
D:6:      kennysheep_housing_project, layout_layer_cave, lemuel_tele_altar,
          temple_pool_b
D:7:      layout_gridville, kiku_gazebo_pond_becter,
          mainiacjoe_overflow_alcove_2, corexii_checkpoint_b
D:8:      layout_cave_pools
D:9:      kennysheep_blocky_room, layout_irregular_city, uniq_maggie, uniq_grum
D:10:     layout_roguey, gammafunk_temple_overflow_elements, serial_shops,
          nicolae_shop_stone
D:11:     layout_loops_corners, lair_entry_dummy, hiddenorc2_lemuel,
          serial_shops, nicolae_shop_crystal
D:12:     layout_stronghold
D:13:     layout_loops_cross, uniq_frances
D:14:     layout_small_grid, ximxim_vaults_locker_room, minmay_misc_feat_x

Skill      XL: |  1  2  3  4  5  6  7  8  9 10 11 |
---------------+----------------------------------+-----
Axes           | 4 5 6 7 8 |  8.6
Armour         | 3 4 5 7 9 11 12 14 | 14.7
Fighting       | 4 5 7 9 11 14 | 14.4
Dodging        | 3 4 5 6 8 9 |  9.1

Action                   |  1- 3 |  4- 6 |  7- 9 | 10-12 || total
-------------------------+-------+-------+-------+-------++-------
Melee: Hand axe          |    80 |   129 |    12 |       ||   221
       Headbutt          |    15 |    21 |    52 |    89 ||   177
       Punch             |     2 |     2 |     4 |     7 ||    15
       Flail             |       |       |   269 |   364 ||   633
Invok: Berserk           |     1 |     3 |    10 |    12 ||    26
       Trog's Hand       |       |       |       |     2 ||     2
       Brothers in Arms  |       |       |       |     1 ||     1
  Use: Scroll            |       |       |       |     4 ||     4
 Stab: Sleeping          |     1 |       |       |       ||     1
Armor: Animal skin       |    12 |       |       |       ||    12
       Scale mail        |     5 |    44 |   158 |       ||   207
       Chain mail        |       |       |    35 |   314 ||   349
Dodge: Dodged            |    49 |    67 |   202 |   360 ||   678
